 Dungeon Crawl Stone Soup version 0.18.1-6-gd335043 (webtiles) character file.

3451 NINUZHNO the Cleaver (level 9, -1/81 HPs)
             Began as a Minotaur Berserker on May 16, 2016.
             Was an Elder of Trog.
             Slain by a killer bee (2 damage)
             ... on level 9 of the Dungeon.
             The game lasted 00:12:32 (5732 turns).

NINUZHNO the Cleaver (Minotaur Berserker)           Turns: 5732, Time: 00:12:33

Health: -1/81      AC: 13    Str: 22 (23) XL:     9   Next: 78%
Magic:  8/8        EV:  8    Int:  4 (6)  God:    Trog [****..]
Gold:   214        SH:  0    Dex:  9 (10) Spells: 0 memorised, 8 levels left

rFire  + . .     SeeInvis .     w - +1 war axe (vamp)
rCold  . . .     Gourm    .     z - +0 chain mail (curse)
rNeg   . . .     Faith    .     (no shield)
rPois  .         Spirit   .     (helmet restricted)
rElec  .         Dismiss  .     y - +1 cloak
rCorr  .         Reflect  .     (no gloves)
SustAt .         Harm     .     (no boots)
MR     ++...                    (no amulet)
Stlth  ..........               (no ring)
                                c - ring of protection from fire

@: lethally poisoned (-1 -> -2), exhausted, flying, regenerating, slowed, very
slow, very resistant to hostile enchantments, extremely unstealthy
A: retaliatory headbutt, horns 2
a: Berserk, Trog's Hand, Brothers in Arms, Burn Spellbooks, Renounce Religion


You were on level 9 of the Dungeon.
You worshipped Trog.
Trog was greatly pleased with you.
You were not hungry.

You visited 2 branches of the dungeon, and saw 8 of its levels.
You also visited: Sewer.

You collected 214 gold pieces.

Inventory:

Hand Weapons
 w - a +1 vampiric war axe (weapon)
Missiles
 C - 3 needles of paralysis
Armour
 y - a +1 cloak (worn)
 z - a cursed +0 chain mail (worn)
Jewellery
 a - an uncursed ring of teleportation
 c - a ring of protection from fire (left hand)
Wands
 t - a wand of random effects (31/48)
 u - a wand of iceblast (8/15)
Scrolls
 e - 7 scrolls of teleportation
 f - 4 scrolls of recharging
 g - 2 scrolls of remove curse
 i - 2 scrolls of blinking
 q - a scroll of enchant weapon
 v - a scroll of magic mapping {unknown}
Potions
 b - a potion of cancellation {unknown}
 h - 4 potions of flight
 j - a potion of ambrosia {unknown}
 l - a potion of brilliance {unknown}
 m - 3 potions of degeneration
 n - 2 potions of might
 p - 2 potions of curing {unknown}
 r - a potion of heal wounds {unknown}
 B - a potion of cure mutation {unknown}
Books
 o - a book of Frost

   Spells                             Type                      Level
   a - Freeze                         Ice                          1
   b - Throw Frost                    Conjuration/Ice              2
   c - Ozocubu's Armour               Charms/Ice                   3
   d - Throw Icicle                   Conjuration/Ice              4
   e - Summon Ice Beast               Ice/Summoning                4
   Trog disapproves of the use of such an item.
 A - a book of Debilitation

   Spells                             Type                      Level
   a - Corona                         Hexes                        1
   b - Slow                           Hexes                        2
   c - Gell's Gravitas                Hexes/Translocation          3
   d - Inner Flame                    Hexes/Fire                   3
   e - Cause Fear                     Hexes                        4
   f - Leda's Liquefaction            Hexes/Earth                  4
   Trog disapproves of the use of such an item.
Comestibles
 d - 2 bread rations
 k - 3 meat rations
 s - 2 beef jerkies
 x - 5 chunks of flesh


   Skills:
 + Level 8.2 Fighting
 * Level 11.1 Axes
 + Level 6.1 Throwing
 + Level 7.8 Armour
 - Level 2.1 Dodging


You had 8 spell levels left.
You didn't know any spells.

Dungeon Overview and Level Annotations

Branches:
Dungeon (6/15)             Temple (1/1) D:5

Altars:
Ashenzari
Dithmenos
Gozag
Makhleb
Ru
Sif Muna
Vehumet
Xom
Yredelemnul
Zin
The Shining One

Shops:
D:5 *


Innate Abilities, Weirdness & Mutations

You reflexively headbutt those who attack you in melee.
You have a pair of horns on your head.


Message History

You headbutt the killer bee!
You kill the killer bee!
Trog accepts your kill. The killer bee stings you.
* * * LOW HITPOINT WARNING * * *
You slash the killer bee!
You feel better.
You headbutt the killer bee.
The killer bee is almost dead.
You feel sick. The killer bee barely misses you.
The killer bee stings you but does no damage.
Your ogre closely misses the killer bee.
The killer bee stings you but does no damage.
The killer bee stings you.
* * * LOW HITPOINT WARNING * * *
Your ogre misses the killer bee. You closely miss the killer bee.
Your headbutt misses the killer bee.
The killer bee is almost dead.
You feel sick. The killer bee stings you.
* * * LOW HITPOINT WARNING * * *
The killer bee barely misses you. The killer bee stings you.
You die...

#..........#
#..........####
#..............
#..............
...............
...............
...............
.......@..(.>..
......y††......
......O).......
.######(#####..
#.....††...# .
##..........#
............#
............#
............+


You could see a killer bee (berserk) and a friendly ogre (berserk).

Vanquished Creatures
  The ghost of shizyaka the Basher, a novice MiGl of Okawaru (D:6)
  Pikel (D:5)
  Sigmund (D:3)
  The ghost of Yendor the Slinger, an amateur HaHu (D:4)
  Menkaure (D:5)
  Purgy (Sewer)
  A slave (D:5)
  An orc warrior (D:6)
  2 ogres
  A phantom (D:4)
  2 centaurs
  A giant frog (D:9)
  2 scorpions
  12 killer bees (D:9)
  4 howler monkeys (D:9)
  A crimson imp (D:5)
  2 hounds (D:6)
  3 jellies
  An orc priest (D:5)
  An iguana (D:6)
  2 orc wizards (D:5)
  Crazy Yiuf (D:5)
  2 worker ants
  A hound skeleton (D:5)
  A worker ant zombie (D:5)
  3 gnolls (D:5)
  9 adders
  2 oozes
  An adder skeleton (D:4)
  2 worms
  4 dart slugs
  2 giant geckos
  18 orcs
  3 giant cockroaches
  9 goblins
  4 hobgoblins
  3 jackals (D:4)
  4 kobolds
  5 quokkas
  2 ball pythons (Sewer)
  5 bats
  A giant gecko zombie (D:5)
  6 giant newts
  A quokka skeleton (D:6)
  35 rats
166 creatures vanquished.

Vanquished Creatures (collateral kills)
  A queen bee (D:9)
1 creature vanquished.

Grand Total: 167 creatures vanquished

Notes
Turn   | Place    | Note
--------------------------------------------------------------
     0 | D:1      | NINUZHNO the Minotaur Berserker began the quest for the Orb.
     0 | D:1      | Reached XP level 1. HP: 19/19 MP: 0/0
   409 | D:1      | Reached skill level 4 in Axes
   520 | D:1      | Reached XP level 2. HP: 23/27 MP: 1/1
  1074 | D:2      | Reached XP level 3. HP: 33/33 MP: 2/2
  1720 | D:2      | Reached ** piety under Trog
  1876 | D:2      | Reached skill level 5 in Axes
  2110 | D:3      | Noticed Sigmund
  2124 | D:3      | Killed Sigmund
  2124 | D:3      | Reached skill level 1 in Throwing
  2124 | D:3      | Reached XP level 4. HP: 25/41 MP: 3/3
  2124 | D:3      | Reached XP level 5. HP: 28/47 MP: 4/4
  2349 | D:3      | Reached skill level 6 in Axes
  2572 | D:3      | Reached XP level 6. HP: 53/53 MP: 5/5
  2754 | D:3      | Reached *** piety under Trog
  2913 | D:4      | Reached skill level 5 in Fighting
  3399 | D:4      | Reached skill level 7 in Axes
  3399 | D:4      | Reached XP level 7. HP: 47/61 MP: 6/6
  3572 | D:4      | Noticed Yendor's ghost (amateur HaHu)
  3589 | D:4      | Killed Yendor's ghost
  3701 | D:5      | Entered Level 5 of the Dungeon
  3815 | D:5      | Reached skill level 5 in Armour
  3976 | D:5      | Noticed Menkaure
  3979 | D:5      | Killed Menkaure
  4082 | D:5      | Found a staircase to the Ecumenical Temple.
  4138 | D:5      | Reached skill level 8 in Axes
  4193 | Temple   | Entered the Ecumenical Temple
  4342 | D:5      | Noticed Pikel
  4352 | D:5      | Killed Pikel
  4352 | D:5      | Reached XP level 8. HP: 71/71 MP: 7/7
  4476 | D:5      | Found a burning altar of Makhleb.
  4479 | D:5      | Found a sacrificial altar of Ru.
  4482 | D:5      | Found a deep blue altar of Sif Muna.
  4542 | D:5      | Found Fima's General Store.
  4546 | D:5      | Reached skill level 9 in Axes
  4605 | D:5      | Noticed Crazy Yiuf
  4614 | D:5      | Killed Crazy Yiuf
  4788 | D:6      | Reached **** piety under Trog
  4802 | D:6      | Found a glowing drain.
  4807 | Sewer    | Entered a sewer
  4852 | Sewer    | Noticed Purgy
  4858 | Sewer    | Killed Purgy
  5160 | D:6      | Reached skill level 5 in Throwing
  5227 | D:6      | Reached XP level 9. HP: 79/79 MP: 8/8
  5282 | D:6      | Noticed shizyaka's ghost (novice MiGl)
  5290 | D:6      | Killed shizyaka's ghost
  5290 | D:6      | Reached skill level 10 in Axes
  5325 | D:6      | Found a radiant altar of Vehumet.
  5326 | D:6      | Found a basalt altar of Yredelemnul.
  5326 | D:6      | Found a shadowy altar of Dithmenos.
  5339 | D:6      | Found a glowing golden altar of the Shining One.
  5668 | D:6      | You fall through a shaft for 3 floors!
  5673 | D:9      | Received a gift from Trog
  5713 | D:9      | Reached skill level 11 in Axes
  5720 | D:9      | Noticed a queen bee
  5729 | D:9      | Killed a queen bee
  5731 | D:9      | HP: 4/81 [killer bee (6)]
  5732 | D:9      | HP: 1/81 [killer bee (3)]
  5732 | D:9      | Slain by a killer bee

Skill      XL: |  1  2  3  4  5  6  7  8  9 |
---------------+----------------------------+-----
Axes           | 4 5 6 7 8 9 11 | 11.1
Armour         | 3 4 6 7 |  7.8
Fighting       | 4 5 6 7 8 |  8.2
Throwing       | 1 2 4 5 6 |  6.1
Dodging        | |  2.1

Action                   |  1- 3 |  4- 6 |  7- 9 || total
-------------------------+-------+-------+-------++-------
Melee: Hand axe          |    80 |    85 |       ||   165
       Headbutt          |    14 |    13 |    29 ||    56
       War axe           |       |    30 |   186 ||   216
       Whip              |       |     3 |       ||     3
Invok: Berserk           |     2 |     1 |     5 ||     8
       Trog's Hand       |     1 |       |     1 ||     2
       Brothers in Arms  |       |       |     1 ||     1
  Use: Scroll            |       |     4 |     5 ||     9
       Potion            |       |       |     2 ||     2
  Eat: Chunk             |     5 |     4 |    12 ||    21
       Bread ration      |       |     1 |       ||     1
       Pizza             |       |     1 |       ||     1
       Beef jerky        |       |     1 |       ||     1
Armor: Ring mail         |    21 |       |       ||    21
       Animal skin       |     3 |       |       ||     3
       Scale mail        |     1 |    36 |    29 ||    66
       Chain mail        |       |       |    72 ||    72
Dodge: Dodged            |    46 |    58 |   106 ||   210
